 Dungeon Crawl Stone Soup version 0.31-a0-237-g2d982f9f85 (webtiles) character file.

Game seed: 10676546325621080969

344 qw the Shooter (level 6, -1/38 HPs)
             Began as a Gargoyle Hexslinger on July 11, 2023.
             Slain by an ogre
             ... wielding a +0 giant club
              (14 damage)
             ... on level 5 of the Dungeon.
             The game lasted 00:01:10 (2759 turns).

qw the Shooter (Gargoyle Hexslinger)                Turns: 2759, Time: 00:01:11

Health: -1/38      AC: 10    Str: 11    XL:     6   Next: 58%
Magic:  7/7        EV: 10    Int: 14    God:
Gold:   151        SH:  0    Dex: 16    Spells: 6/7 levels left

rFire   + . .        c - +9 shortbow of Poley {heavy, rF+ Dex+2}
rCold   . . .        (shield currently unavailable)
rNeg    + + .        b - +0 ring mail {rPois}
rPois   inf          (no helmet)
rElec   +            (no cloak)
rCorr   .            (no gloves)
SInv    .            j - +0 pair of boots
Will    .....        (no amulet)
Stlth   +            l - ring of positive energy
HPRegen 0.26/turn    (no ring)
MPRegen 0.10/turn

%: no passive effects
@: no status effects
A: sickness immunity, AC +4, negative energy resistance 1, electricity
resistance, torment resistance 1, petrification resistance
a: no special abilities


You were on level 5 of the Dungeon.
You visited 1 branch of the dungeon, and saw 5 of its levels.

You collected 151 gold pieces.


Innate Abilities, Weirdness & Mutations

You are immune to sickness and miasma.
Your stone body is resilient. (AC +4)
You are immune to poison.
You resist negative energy. (rN+)
You are resistant to electric shocks. (rElec)
You are resistant to unholy torment.
You are immune to petrification.


   Skills:
 - Level 3.7 Fighting
 + Level 5.7 Ranged Weapons
 - Level 1.0 Armour
 - Level 1.5 Dodging
 - Level 1.0 Spellcasting
 - Level 2.6 Hexes


You had 6 spell levels left.
You knew the following spells:

 Your Spells              Type           Power      Damage    Failure   Level
a - Slow                  Hex            32%        N/A       21%         1

Your spell library contained the following spells:

 Spells                   Type           Power      Damage    Failure   Level
 Inner Flame              Hex/Fire       4%         N/A       71%         3
 Portal Projectile        Hex/Tloc       8%         N/A       71%         3
 Cause Fear               Hex            4%         N/A       90%         4

Inventory:

Hand Weapons
 c - the +9 shortbow of Poley (weapon) {heavy, rF+ Dex+2}
   (You acquired it on level 2 of the Dungeon)

   Dex:       It affects your dexterity (+2).
   rF:        It protects you from fire.
Armour
 b - a +0 ring mail of poison resistance (worn)
 j - a +0 pair of boots (worn)
Jewellery
 l - a ring of positive energy (left hand)
Scrolls
 a - a scroll of identify
 f - a scroll of enchant weapon
Potions
 e - a potion of mutation {unknown}
 g - a potion of brilliance {unknown}
 h - a potion of heal wounds {unknown}
 i - a potion of curing {unknown}
 k - a potion of haste

Dungeon Overview and Level Annotations

Branches:
Dungeon (5/15)
 Temple: D:4-7

Altars:
Gozag
Ru
Uskayaw
Yredelemnul

Annotations:
D:3 exclusion: 20 gnolls
D:4 3 runed translucent doors, qw's ghost, amateur GrHs


Message History

Found a stone staircase leading down.
You now have 151 gold pieces (gained 19).
There is a stone staircase leading down here.
Found an escape hatch in the ceiling.
Enter note: You open the door.
An ogre and 5 goblins come into view.
The goblin shouts! x3; The ogre shouts!
The goblin shouts! x2
Found 5 large rocks.
You shoot an arrow. The arrow hits the goblin.
The goblin is severely wounded.
You hear a shout!
The goblin hits you but does no damage. x2
You shoot an arrow. The arrow hits the goblin!
You kill the goblin!
A goblin comes into view. It is wielding a +0 club.
The goblin hits you but does no damage. x2
You shoot an arrow. The arrow hits the goblin!
You kill the goblin!
The goblin hits you but does no damage.
A goblin comes into view. It is wielding a +2 dagger of venom.
You shoot an arrow. The arrow hits the goblin!!
You kill the goblin!
The goblin hits you but does no damage.
A goblin comes into view. It is wielding a +0 club.
The goblin barely misses you. x2
You shoot an arrow. The arrow barely misses the goblin.
The arrow hits the ogre!
The ogre is moderately wounded.
The goblin hits you but does no damage. x2; The goblin barely misses you.
The goblin hits you but does no damage.
You shoot an arrow. The arrow hits the goblin!
You kill the goblin!
The goblin barely misses you.
The ogre hits you with a +0 giant club!!
Ouch! That really hurt!
The goblin barely misses you.
You shoot an arrow. The arrow hits the ogre!!
The ogre is almost dead.
The goblin hits you but does no damage. The ogre hits you with a +0 giant club!
You die...

####
#...########
#.ggOg.....#
#@.....#
#######......#
.............#
.............#
.............#
.............#
<............#
.............#
.............#


You could see an ogre and 3 goblins.

Vanquished Creatures
  A black bear (D:5)
  A phantom (D:4)
  Terence (D:2)
  3 gnolls (D:3)
  4 adders
  A white imp (D:4)
  2 worms (D:2)
  3 dart slugs
  3 ball pythons
  A bat (D:1)
  6 endoplasms
  3 giant cockroaches
  11 goblins
  4 hobgoblins
  4 jackals (D:2)
  3 quokkas
  5 frilled lizards
  8 kobolds
  5 rats
  A spectral orc (D:3)
70 creatures vanquished.

Notes
Turn   | Place    | Note
-------+----------+-------------------------------------------
     0 | D:1      | qw the Gargoyle Hexslinger began the quest for the Orb.
     0 | D:1      | Reached XP level 1. HP: 12/12 MP: 2/2
     0 | D:1      | 0 ||| qw: Version: 0.3-a-52-g30416fa
     0 | D:1      | 0 ||| qw: Game counter: 5726
     0 | D:1      | 0 ||| qw: Melee chars always use a shield: true
     0 | D:1      | 0 ||| qw: God list: Okawaru
     0 | D:1      | 0 ||| qw: Allow faded altars: false
     0 | D:1      | 0 ||| qw: Do Orc after clearing Dungeon:15 true
     0 | D:1      | 0 ||| qw: Do second Lair branch before Depths: true
     0 | D:1      | 0 ||| qw: Lair rune preference: random
     0 | D:1      | 0 ||| qw: Goals: Normal
     0 | D:1      | 0 ||| PLANNING D:1-11
    90 | D:1      | Reached XP level 2. HP: 16/16 MP: 3/3
   167 | D:1      | Reached skill level 3 in Ranged Weapons
   309 | D:1      | Reached XP level 3. HP: 21/21 MP: 4/4
   471 | D:1      | Found a faded altar of an unknown god.
   480 | D:1      | 480 ||| READING 2 scrolls labelled ATAONO YMI.
   481 | D:1      | 481 ||| READING scroll labelled RUASHRUITOR.
   484 | D:1      | 484 ||| DROPPING scroll of poison.
   651 | D:2      | HP: 5/21 [jackal (3)]
   656 | D:2      | HP: 3/21 [jackal (1)]
   661 | D:2      | HP: 2/21 [jackal (1)]
   755 | D:2      | Found a sacrificial altar of Ru.
  1026 | D:2      | Reached XP level 4. HP: 23/26 MP: 5/5
  1078 | D:2      | Noticed Terence
  1098 | D:2      | HP: 6/26 [Terence/+0 flail (3)]
  1101 | D:2      | HP: 2/26 [Terence/+0 flail (5)]
  1102 | D:2      | Killed Terence
  1103 | D:2      | Reached skill level 4 in Ranged Weapons
  1429 | D:2      | 1429 ||| UPGRADING to +0 ring mail of poison resistance.
  1439 | D:2      | 1439 ||| DROPPING +0 robe.
  1440 | D:2      | 1440 ||| UPGRADING to +0 pair of boots.
  1445 | D:2      | 1445 ||| READING scroll labelled AMNANO DA CUO.
  1446 | D:2      | 1446 ||| READING scroll labelled PENIMU QUOCHU.
  1447 | D:2      | 1447 ||| READING scroll labelled UCZUDD ISASE.
  1447 | D:2      | Identified a scroll of acquirement
  1447 | D:2      | 1447 ||| ACQUIRING +9 shortbow of Poley {heavy, rF+ Dex+2}
  1447 | D:2      | Acquired the +9 shortbow of Poley {heavy, rF+ Dex+2}
  1449 | D:2      | 1449 ||| SWAPPING to +9 shortbow of Poley {heavy, rF+
                  | Dex+2}.
  1450 | D:2      | 1450 ||| DROPPING +1 sling.
  1539 | D:3      | Reached skill level 1 in Armour
  1540 | D:3      | HP: 6/26 [gnoll/+2 spear of freezing (6)]
  1562 | D:3      | Reached XP level 5. HP: 9/30 MP: 6/6
  2067 | D:3      | Found a hide-covered altar of Uskayaw.
  2141 | D:3      | Found a basalt altar of Yredelemnul.
  2299 | D:3      | 2299 ||| DROPPING ring of magical power.
  2300 | D:3      | 2300 ||| UPGRADING to ring of positive energy.
  2301 | D:3      | 2301 ||| READING scroll labelled BYREUPT MONI.
  2302 | D:3      | 2302 ||| DRINKING 2 cyan potions.
  2335 | D:4      | Found a runed translucent gate.
  2343 | D:4      | Found a runed translucent gate.
  2343 | D:4      | Found an opulent altar of Gozag.
  2346 | D:4      | Found a runed translucent gate.
  2349 | D:4      | Noticed a phantom
  2351 | D:4      | Killed a phantom
  2352 | D:4      | Reached skill level 5 in Ranged Weapons
  2352 | D:4      | Reached XP level 6. HP: 35/35 MP: 7/7
  2524 | D:4      | Noticed qw's ghost (amateur GrHs)
  2694 | D:4      | 2694 ||| READING scroll labelled MESKYC AFIMP.
  2695 | D:4      | 2695 ||| READING 2 scrolls of identify.
  2695 | D:4      | 2695 ||| IDENTIFYING pink potion
  2696 | D:4      | 2696 ||| DROPPING potion of lignification.
  2706 | D:5      | Entered Level 5 of the Dungeon
  2715 | D:5      | Noticed a black bear
  2718 | D:5      | Killed a black bear
  2719 | D:5      | Reached skill level 3 in Fighting
  2759 | D:5      | Slain by an ogre

Levels and vault maps discovered:
D:1:      dpeg_arrival_solitude, layout_rooms, nicolae_ecumenical_lake_church,
          minmay_misc_feat_doors
D:2:      layout_basic, basic_altar, uniq_terence
D:3:      layout_basic, lemuel_round_altar, yredelemnul_forgotten_temple_becter
D:4:      layout_rooms, ebering_ghost_gozag
D:5:      layout_basic, marbit_many_paths, st_stairs_5, minmay_ogre_servants

Skill      XL: |  1  2  3  4  5  6 |
---------------+-------------------+-----
Ranged Weapons | 3 4 5 |  5.7
Fighting       | 2 3 |  3.7
Armour         | 1 |  1.0
Dodging        | |  1.5
Spellcasting   | |  1.0
Hexes          | |  2.6

Action                     |  1- 3 |  4- 6 || total
---------------------------+-------+-------++-------
   Fire: Sling             |   153 |    30 ||   183
         Shortbow          |       |    42 ||    42
    Use: Scroll            |     2 |     6 ||     8
         Potion            |       |     1 ||     1
 Armour: Robe              |    33 |       ||    33
         Ring mail         |       |    12 ||    12
  Dodge: Dodged            |    84 |    27 ||   111

Table legend:
 A = Non-vault XP
 B = Vault XP
 C = Vault XP percentage of total XP
 D = Non-vault monster count
 E = Vault monster count
 F = Vault count percentage of total count
                 A         B        C        D         E       F
            +---------+---------+-------+---------+---------+-------
      Total |     448 |      44 |   8.9 |      64 |       6 |   8.6
            +---------+---------+-------+---------+---------+-------
        D:1 |      41 |       0 |   0.0 |      23 |       0 |   0.0
        D:2 |      51 |      36 |  41.4 |      19 |       1 |   5.0
        D:3 |      79 |       1 |   1.2 |      11 |       1 |   8.3
        D:4 |     149 |       0 |   0.0 |      10 |       0 |   0.0
        D:5 |     128 |       7 |   5.2 |       1 |       4 |  80.0
            +---------+---------+-------+---------+---------+-------
